[ AOE2 MATCH · #477838366 ]
UnrankedTatars vs Maya
Player's team · LOSS
[ REPLAY ANALYSIS · EXTRACTED FROM THE RECORDED GAME ]
Feudal
—
Castle
—
Imperial
—
| APM avg | 39.5 |
| APM peak | 74 |
| eAPM avg | 22.5 |
| Villagers / military | 0 / 892 |
Focus
⚔️ 87.9% · 🌾 12.1%
Camel Scout ×481 · Cavalry Archer ×332 · Hand Cannoneer ×40 · Steppe Lancer ×39
Feudal
—
Castle
—
Imperial
—
| APM avg | 21.8 |
| APM peak | 55 |
| eAPM avg | 11.8 |
| Villagers / military | 0 / 637 |
Focus
⚔️ 87.9% · 🌾 12.1%
Archer ×238 · Eagle Scout ×176 · Spearman ×144 · Skirmisher ×79
Feudal
—
Castle
—
Imperial
—
| APM avg | 4.8 |
| APM peak | 18 |
| eAPM avg | 2.1 |
| Villagers / military | 0 / 0 |
Focus
⚔️ 76.2% · 🌾 23.8%
Feudal
—
Castle
—
Imperial
—
| APM avg | 50.0 |
| APM peak | 78 |
| eAPM avg | 24.0 |
| Villagers / military | 0 / 0 |
Focus
⚔️ 97.3% · 🌾 2.7%
Feudal
—
Castle
—
Imperial
—
| APM avg | 54.8 |
| APM peak | 202 |
| eAPM avg | 46.7 |
| Villagers / military | 0 / 841 |
Focus
⚔️ 97.5% · 🌾 2.5%
Knight ×677 · Spearman ×164 · Unknown (1255) ×41
Feudal
—
Castle
—
Imperial
—
| APM avg | 30.6 |
| APM peak | 112 |
| eAPM avg | 14.2 |
| Villagers / military | 0 / 0 |
Focus
⚔️ 99.6% · 🌾 0.4%
Feudal
—
Castle
—
Imperial
—
| APM avg | 18.8 |
| APM peak | 68 |
| eAPM avg | 7.7 |
| Villagers / military | 0 / 0 |
Focus
⚔️ 91.8% · 🌾 8.2%
Unknown (2550) ×110
Feudal
—
Castle
—
Imperial
—
| APM avg | 33.3 |
| APM peak | 104 |
| eAPM avg | 9.6 |
| Villagers / military | 0 / 0 |
Focus
⚔️ 100.0% · 🌾 0.0%
Match map
Initial resources + every placement click. Lines = walls · curves = elevation contours. ◆ gold · ⬟ stone · ● berries · ✦ relic · ◌ wall gap
Your base· ✓ Map-separated
Emilia LiL Uzi's base· Open
godi5937's base· Open
SirJb's base· Open
OvalDevotee116's base· ✓ Map-separated
Champion9482's base· Open
Polluelin's base· Open
Lole7DS2's base· Open
Smoothed initial terrain · ◌ = detected wall gap · hover for details
Inputs per minute
— MIKE AoE - - Emilia LiL Uzi
Build order — MIKE AoE
First 150 of 262 actions detected
| 9:49 | Build | Stable |
| 9:56 | Build | Archery Range |
| 9:58 | Build | Archery Range |
| 10:00 | Build | Archery Range |
| 10:01 | Build | Archery Range |
| 10:03 | Build | Archery Range |
| 10:04 | Build | Archery Range |
| 10:23 | Build | Stable |
| 10:28 | Build | Stable |
| 10:49 | Research | Bloodlines |
| 11:59 | Build | Stable |
| 12:56 | Build | Stable |
| 12:57 | Build | Stable |
| 12:59 | Build | Stable |
| 13:01 | Build | Stable |
| 13:03 | Build | Stable |
| 13:04 | Build | Stable |
| 13:06 | Build | Stable |
| 13:08 | Build | Stable |
| 13:10 | Build | Stable |
| 15:06 | Research | Elite Skirmisher (upgrade) |
| 15:06 | Research | Crossbowman (upgrade) |
| 15:10 | Create | Cavalry Archer ×5 |
| 15:10 | Create | Cavalry Archer ×5 |
| 15:10 | Create | Cavalry Archer ×5 |
| 15:10 | Create | Cavalry Archer ×5 |
| 15:10 | Create | Cavalry Archer ×5 |
| 15:12 | Research | Husbandry |
| 15:12 | Create | Camel Scout ×5 |
| 15:13 | Create | Camel Scout ×5 |
| 15:13 | Create | Camel Scout ×5 |
| 15:13 | Create | Camel Scout ×5 |
| 15:13 | Create | Camel Scout ×5 |
| 15:14 | Create | Camel Scout ×5 |
| 15:14 | Create | Camel Scout ×5 |
| 15:14 | Create | Camel Scout ×5 |
| 15:15 | Create | Camel Scout ×5 |
| 15:16 | Research | Bodkin Arrow |
| 15:18 | Research | Chain Barding Armor |
| 15:20 | Research | Iron Casting |
| 15:20 | Research | Leather Archer Armor |
| 15:22 | Research | Ballistics |
| 15:23 | Research | Treadmill Crane |
| 15:24 | Research | Guard Tower (upgrade) |
| 15:24 | Research | Careening |
| 15:25 | Research | Tech 908 |
| 15:26 | Research | Tech 908 |
| 15:27 | Create | Steppe Lancer ×5 |
| 15:28 | Create | Camel Scout ×5 |
| 15:29 | Create | Camel Scout ×5 |
| 15:29 | Create | Camel Scout ×5 |
| 15:29 | Create | Camel Scout ×5 |
| 15:32 | Research | Silk Armor |
| 15:36 | Create | Cavalry Archer ×5 |
| 15:36 | Create | Cavalry Archer ×5 |
| 15:37 | Create | Cavalry Archer ×5 |
| 15:37 | Create | Cavalry Archer ×5 |
| 15:37 | Create | Cavalry Archer ×5 |
| 15:37 | Create | Cavalry Archer ×5 |
| 15:38 | Create | Cavalry Archer ×5 |
| 15:38 | Create | Cavalry Archer ×5 |
| 15:38 | Create | Cavalry Archer ×5 |
| 15:39 | Create | Cavalry Archer ×5 |
| 15:39 | Create | Cavalry Archer ×3 |
| 15:39 | Create | Cavalry Archer ×3 |
| 15:44 | Create | Camel Scout ×5 |
| 15:44 | Create | Camel Scout ×5 |
| 15:45 | Create | Camel Scout ×5 |
| 15:45 | Create | Camel Scout ×5 |
| 15:45 | Create | Camel Scout ×5 |
| 15:45 | Create | Camel Scout ×3 |
| 15:49 | Create | Cavalry Archer ×3 |
| 15:49 | Create | Cavalry Archer ×3 |
| 16:05 | Create | Camel Scout ×5 |
| 16:05 | Create | Camel Scout ×5 |
| 16:05 | Create | Camel Scout |
| 16:09 | Create | Cavalry Archer |
| 16:09 | Create | Cavalry Archer |
| 16:18 | Research | Light Cavalry (upgrade) |
| 16:30 | Create | Camel Scout ×5 |
| 16:30 | Create | Camel Scout ×5 |
| 16:30 | Create | Camel Scout ×5 |
| 16:31 | Create | Camel Scout ×5 |
| 16:32 | Create | Cavalry Archer ×5 |
| 16:32 | Create | Cavalry Archer ×5 |
| 16:32 | Create | Cavalry Archer ×5 |
| 16:32 | Create | Cavalry Archer ×5 |
| 16:53 | Create | Cavalry Archer ×2 |
| 16:53 | Create | Cavalry Archer ×2 |
| 16:58 | Create | Camel Scout ×5 |
| 16:58 | Create | Camel Scout ×5 |
| 16:58 | Create | Camel Scout ×5 |
| 17:03 | Create | Camel Scout ×4 |
| 17:24 | Create | Camel Scout ×5 |
| 17:24 | Create | Camel Scout ×5 |
| 17:24 | Create | Camel Scout ×5 |
| 17:24 | Create | Camel Scout ×5 |
| 17:25 | Create | Camel Scout ×5 |
| 17:25 | Create | Camel Scout ×2 |
| 17:28 | Create | Cavalry Archer ×5 |
| 17:28 | Create | Cavalry Archer ×5 |
| 17:28 | Create | Cavalry Archer |
| 17:42 | Create | Cavalry Archer ×3 |
| 17:42 | Create | Cavalry Archer ×3 |
| 17:43 | Create | Cavalry Archer ×3 |
| 17:44 | Create | Camel Scout ×3 |
| 17:44 | Create | Camel Scout ×3 |
| 17:44 | Create | Camel Scout |
| 18:38 | Create | Cavalry Archer ×5 |
| 18:38 | Create | Cavalry Archer ×5 |
| 18:38 | Create | Cavalry Archer ×5 |
| 18:38 | Create | Cavalry Archer ×3 |
| 18:47 | Build | Archery Range |
| 19:10 | Create | Cavalry Archer ×5 |
| 19:10 | Create | Cavalry Archer ×5 |
| 19:10 | Create | Cavalry Archer |
| 19:13 | Create | Camel Scout ×5 |
| 19:13 | Create | Camel Scout ×5 |
| 19:13 | Create | Camel Scout ×5 |
| 19:14 | Create | Camel Scout ×5 |
| 19:14 | Create | Camel Scout ×5 |
| 19:40 | Create | Cavalry Archer ×5 |
| 19:40 | Create | Cavalry Archer ×5 |
| 19:40 | Create | Cavalry Archer |
| 19:41 | Create | Camel Scout ×5 |
| 19:42 | Create | Camel Scout ×5 |
| 19:42 | Create | Camel Scout ×5 |
| 19:42 | Create | Camel Scout ×5 |
| 19:42 | Create | Camel Scout ×5 |
| 19:43 | Create | Camel Scout ×5 |
| 19:43 | Create | Camel Scout ×5 |
| 19:53 | Create | Cavalry Archer ×5 |
| 19:53 | Create | Cavalry Archer ×5 |
| 19:53 | Create | Cavalry Archer ×5 |
| 19:53 | Create | Cavalry Archer ×5 |
| 19:54 | Create | Cavalry Archer ×5 |
| 20:02 | Create | Camel Scout ×5 |
| 20:02 | Create | Camel Scout ×5 |
| 20:02 | Create | Camel Scout ×5 |
| 20:08 | Build | Stable |
| 20:12 | Create | Camel Scout ×5 |
| 20:12 | Create | Camel Scout ×5 |
| 20:12 | Create | Camel Scout ×5 |
| 20:12 | Create | Camel Scout ×3 |
| 20:13 | Create | Cavalry Archer ×4 |
| 20:14 | Create | Cavalry Archer ×4 |
| 20:29 | Create | Cavalry Archer ×2 |
| 20:29 | Create | Cavalry Archer ×2 |
| 20:29 | Create | Cavalry Archer ×2 |
| 20:30 | Create | Cavalry Archer |
Build order — Emilia LiL Uzi
First 150 of 192 actions detected
| 9:18 | Build | Stone Wall |
| 9:45 | Build | Archery Range |
| 9:47 | Build | Archery Range |
| 9:49 | Build | Archery Range |
| 9:54 | Build | Archery Range |
| 10:01 | Build | Archery Range |
| 10:04 | Build | Barracks |
| 10:07 | Build | Barracks |
| 12:46 | Build | Archery Range |
| 12:48 | Build | Archery Range |
| 12:51 | Build | Barracks |
| 12:53 | Build | Barracks |
| 12:54 | Build | Barracks |
| 12:56 | Build | Barracks |
| 13:03 | Build | Barracks |
| 13:03 | Build | Barracks |
| 13:35 | Build | Barracks |
| 13:37 | Build | Barracks |
| 13:39 | Build | Barracks |
| 15:42 | Research | Crossbowman (upgrade) |
| 15:42 | Research | Elite Skirmisher (upgrade) |
| 15:44 | Research | Thumb Ring |
| 15:47 | Research | Eagle Warrior (upgrade) |
| 15:52 | Research | Squires |
| 15:53 | Research | Arson |
| 16:00 | Research | Treadmill Crane |
| 16:00 | Research | Ballistics |
| 16:01 | Research | Guard Tower (upgrade) |
| 16:03 | Research | Tech 908 |
| 16:03 | Research | Careening |
| 16:07 | Research | Iron Casting |
| 16:07 | Research | Chain Mail Armor |
| 16:08 | Research | Bodkin Arrow |
| 16:08 | Research | Leather Archer Armor |
| 16:14 | Research | Pikeman (upgrade) |
| 16:15 | Research | Long Swordsman (upgrade) |
| 16:46 | Create | Archer ×5 |
| 16:47 | Create | Archer ×5 |
| 16:47 | Create | Archer ×5 |
| 16:48 | Create | Archer ×5 |
| 16:48 | Create | Archer ×5 |
| 16:48 | Create | Archer ×5 |
| 16:49 | Create | Archer ×5 |
| 16:49 | Create | Archer ×5 |
| 16:49 | Create | Archer ×5 |
| 16:50 | Create | Archer ×5 |
| 16:50 | Create | Archer ×5 |
| 16:51 | Create | Archer ×5 |
| 16:51 | Create | Archer ×5 |
| 16:51 | Create | Archer ×5 |
| 16:52 | Create | Archer ×5 |
| 16:52 | Create | Archer ×5 |
| 16:53 | Create | Archer ×5 |
| 16:53 | Create | Archer ×5 |
| 16:53 | Create | Archer ×5 |
| 16:54 | Create | Archer ×5 |
| 16:54 | Create | Archer ×5 |
| 17:01 | Create | Eagle Scout ×5 |
| 17:01 | Create | Eagle Scout ×5 |
| 17:02 | Create | Eagle Scout ×5 |
| 17:02 | Create | Eagle Scout ×5 |
| 17:03 | Create | Eagle Scout ×5 |
| 17:03 | Create | Eagle Scout ×5 |
| 17:03 | Create | Eagle Scout ×5 |
| 17:04 | Create | Eagle Scout ×5 |
| 17:04 | Create | Eagle Scout ×5 |
| 17:05 | Create | Eagle Scout ×5 |
| 17:05 | Create | Eagle Scout ×5 |
| 17:06 | Create | Eagle Scout ×3 |
| 18:05 | Create | Archer ×5 |
| 18:06 | Create | Archer ×5 |
| 18:06 | Create | Archer ×4 |
| 18:08 | Create | Archer ×5 |
| 18:09 | Create | Archer ×2 |
| 18:18 | Create | Eagle Scout ×5 |
| 18:19 | Create | Eagle Scout ×5 |
| 18:19 | Create | Eagle Scout ×5 |
| 18:20 | Create | Eagle Scout ×5 |
| 18:20 | Create | Eagle Scout ×5 |
| 18:21 | Create | Eagle Scout ×5 |
| 18:21 | Create | Eagle Scout ×5 |
| 18:22 | Create | Eagle Scout ×5 |
| 18:25 | Create | Eagle Scout ×5 |
| 18:26 | Create | Eagle Scout ×5 |
| 18:26 | Create | Eagle Scout ×3 |
| 18:28 | Create | Eagle Scout |
| 18:31 | Create | Eagle Scout ×5 |
| 18:32 | Create | Eagle Scout ×5 |
| 18:32 | Create | Eagle Scout ×5 |
| 19:19 | Research | Hulche Javelineers |
| 19:19 | Research | Hulche Javelineers |
| 19:25 | Create | Skirmisher ×5 |
| 19:25 | Create | Skirmisher ×5 |
| 19:26 | Create | Skirmisher ×4 |
| 19:29 | Create | Skirmisher ×5 |
| 19:29 | Create | Skirmisher ×2 |
| 19:55 | Create | Spearman ×5 |
| 19:55 | Create | Spearman ×5 |
| 19:56 | Create | Spearman ×5 |
| 19:56 | Create | Spearman ×5 |
| 19:57 | Create | Spearman ×5 |
| 19:57 | Create | Spearman ×5 |
| 19:58 | Create | Spearman ×5 |
| 19:59 | Create | Spearman ×5 |
| 19:59 | Create | Spearman ×5 |
| 20:00 | Create | Spearman ×4 |
| 20:06 | Create | Skirmisher ×5 |
| 20:06 | Create | Skirmisher ×2 |
| 20:40 | Create | Skirmisher ×5 |
| 20:40 | Create | Skirmisher ×2 |
| 20:40 | Create | Archer ×2 |
| 20:47 | Create | Spearman ×5 |
| 20:47 | Create | Eagle Scout ×5 |
| 20:48 | Create | Spearman ×5 |
| 20:48 | Create | Eagle Scout ×5 |
| 20:48 | Create | Spearman |
| 20:48 | Create | Eagle Scout |
| 20:52 | Create | Spearman |
| 20:52 | Create | Eagle Scout |
| 21:14 | Create | Spearman ×5 |
| 21:15 | Create | Spearman ×5 |
| 21:15 | Create | Spearman |
| 21:16 | Create | Spearman |
| 21:21 | Create | Skirmisher ×5 |
| 21:22 | Create | Skirmisher ×5 |
| 21:22 | Create | Skirmisher ×4 |
| 22:27 | Create | Spearman ×5 |
| 22:28 | Create | Spearman ×5 |
| 22:28 | Create | Spearman ×5 |
| 22:29 | Create | Spearman ×5 |
| 22:29 | Create | Spearman ×5 |
| 22:30 | Create | Spearman ×5 |
| 22:30 | Create | Spearman |
| 22:34 | Create | Spearman |
| 22:37 | Create | Spearman |
| 22:45 | Create | Archer ×5 |
| 22:46 | Create | Archer ×5 |
| 22:46 | Create | Skirmisher ×5 |
| 22:46 | Create | Archer ×5 |
| 22:46 | Create | Skirmisher ×5 |
| 23:36 | Build | Archery Range |
| 23:39 | Build | Archery Range |
| 23:41 | Build | Archery Range |
| 23:44 | Build | Barracks |
| 23:55 | Build | Barracks |
| 25:02 | Create | Spearman ×5 |
| 25:02 | Create | Eagle Scout ×5 |
| 25:03 | Create | Spearman ×5 |
| 25:03 | Create | Eagle Scout ×5 |
| 25:03 | Create | Spearman ×5 |
Build order — godi5937
14 actions detected in the replay
| 9:07 | Build | Archery Range |
| 9:30 | Build | Stone Wall |
| 10:00 | Build | Archery Range |
| 12:15 | Research | Iron Casting |
| 12:16 | Research | Chain Mail Armor |
| 12:16 | Research | Chain Barding Armor |
| 12:17 | Research | Bodkin Arrow |
| 12:21 | Research | Manipur Cavalry |
| 12:39 | Build | Stone Wall |
| 13:02 | Research | Ballistics |
| 13:03 | Research | Guard Tower (upgrade) |
| 13:05 | Research | Tech 908 |
| 13:06 | Research | Careening |
| 13:07 | Research | Treadmill Crane |
Build order — SirJb
27 actions detected in the replay
| 15:59 | Research | Iron Casting |
| 16:01 | Research | Chain Mail Armor |
| 16:03 | Research | Ballistics |
| 16:05 | Research | Guard Tower (upgrade) |
| 16:09 | Research | Bodkin Arrow |
| 16:10 | Research | Leather Archer Armor |
| 16:11 | Research | Chain Barding Armor |
| 19:15 | Research | Careening |
| 19:16 | Research | Tech 909 |
| 19:16 | Research | Tech 908 |
| 19:22 | Research | Medical Corps |
| 22:36 | Research | Conscription |
| 22:38 | Research | Spies/Treason |
| 22:42 | Research | Blast Furnace |
| 22:42 | Research | Bracer |
| 22:43 | Research | Plate Mail Armor |
| 22:43 | Research | Ring Archer Armor |
| 22:46 | Research | Chemistry |
| 22:48 | Research | Arrowslits |
| 22:49 | Research | Keep (upgrade) |
| 22:50 | Research | Tech 910 |
| 22:52 | Research | Dry Dock |
| 22:53 | Research | Shipwright |
| 22:53 | Research | Tech 907 |
| 23:37 | Research | Elite Urumi Swordsman (upgrade) |
| 23:42 | Research | Wootz Steel |
| 27:03 | Build | Stone Wall |
Build order — OvalDevotee116
First 150 of 943 actions detected
| 5:57 | Build | Stable |
| 5:59 | Build | Stable |
| 8:03 | Research | Bloodlines |
| 8:54 | Build | Stable |
| 8:57 | Build | Stable |
| 9:00 | Build | Stable |
| 9:02 | Build | Stable |
| 9:05 | Build | Stable |
| 9:06 | Build | Stable |
| 10:36 | Research | Husbandry |
| 10:36 | Research | Light Cavalry (upgrade) |
| 10:42 | Research | Iron Casting |
| 10:43 | Research | Chain Barding Armor |
| 10:44 | Research | Bodkin Arrow |
| 10:45 | Research | Leather Archer Armor |
| 10:45 | Research | Chain Mail Armor |
| 10:47 | Research | Ballistics |
| 10:48 | Research | Guard Tower (upgrade) |
| 10:49 | Research | Tech 908 |
| 10:50 | Research | Careening |
| 10:50 | Research | Careening |
| 11:22 | Create | Knight |
| 11:22 | Create | Knight |
| 11:22 | Create | Knight |
| 11:22 | Create | Knight |
| 11:23 | Create | Knight |
| 11:23 | Create | Knight |
| 11:23 | Create | Knight |
| 11:23 | Create | Knight |
| 11:23 | Create | Knight |
| 11:24 | Create | Knight |
| 11:24 | Create | Knight |
| 11:24 | Create | Knight |
| 11:24 | Create | Knight |
| 11:24 | Create | Knight |
| 11:24 | Create | Knight |
| 11:24 | Create | Knight |
| 11:25 | Create | Knight |
| 11:25 | Create | Knight |
| 11:25 | Create | Knight |
| 11:25 | Create | Knight |
| 11:25 | Create | Knight |
| 11:25 | Create | Knight |
| 11:25 | Create | Knight |
| 11:25 | Create | Knight |
| 11:26 | Create | Knight |
| 11:26 | Create | Knight |
| 11:26 | Create | Knight |
| 11:26 | Create | Knight |
| 11:26 | Create | Knight |
| 11:26 | Create | Knight |
| 11:26 | Create | Knight |
| 11:27 | Create | Knight |
| 11:27 | Create | Knight |
| 11:27 | Create | Knight |
| 11:27 | Create | Knight |
| 11:27 | Create | Knight |
| 11:27 | Create | Knight |
| 11:27 | Create | Knight |
| 11:28 | Create | Knight |
| 11:28 | Create | Knight |
| 11:28 | Create | Knight |
| 11:28 | Create | Knight |
| 11:28 | Create | Knight |
| 11:28 | Create | Knight |
| 11:28 | Create | Knight |
| 11:29 | Create | Knight |
| 11:29 | Create | Knight |
| 11:29 | Create | Knight |
| 11:29 | Create | Knight |
| 11:29 | Create | Knight |
| 11:29 | Create | Knight |
| 11:29 | Create | Knight |
| 11:30 | Create | Knight |
| 11:30 | Create | Knight |
| 11:30 | Create | Knight |
| 11:30 | Create | Knight |
| 11:30 | Create | Knight |
| 11:30 | Create | Knight |
| 11:30 | Create | Knight |
| 11:31 | Create | Knight |
| 11:31 | Create | Knight |
| 11:31 | Create | Knight |
| 11:31 | Create | Knight |
| 11:31 | Create | Knight |
| 12:02 | Research | Stirrups |
| 12:14 | Build | Stable |
| 13:19 | Build | Stable |
| 13:20 | Build | Stable |
| 13:29 | Create | Knight |
| 13:29 | Create | Knight |
| 13:30 | Create | Knight |
| 13:30 | Create | Knight |
| 13:30 | Create | Knight |
| 13:30 | Create | Knight |
| 13:31 | Create | Knight |
| 13:31 | Create | Knight |
| 13:31 | Create | Knight |
| 13:31 | Create | Knight |
| 13:31 | Create | Knight |
| 13:31 | Create | Knight |
| 13:32 | Create | Knight |
| 13:32 | Create | Knight |
| 13:32 | Create | Knight |
| 13:32 | Create | Knight |
| 13:32 | Create | Knight |
| 13:32 | Create | Knight |
| 13:32 | Create | Knight |
| 13:32 | Create | Knight |
| 13:33 | Create | Knight |
| 13:33 | Create | Knight |
| 13:33 | Create | Knight |
| 13:33 | Create | Knight |
| 13:33 | Create | Knight |
| 13:33 | Create | Knight |
| 13:33 | Create | Knight |
| 13:34 | Create | Knight |
| 13:34 | Create | Knight |
| 13:34 | Create | Knight |
| 13:34 | Create | Knight |
| 13:34 | Create | Knight |
| 13:34 | Create | Knight |
| 13:34 | Create | Knight |
| 13:34 | Create | Knight |
| 13:35 | Create | Knight |
| 13:35 | Create | Knight |
| 13:35 | Create | Knight |
| 13:35 | Create | Knight |
| 13:35 | Create | Knight |
| 13:35 | Create | Knight |
| 13:36 | Create | Knight |
| 13:36 | Create | Knight |
| 13:36 | Create | Knight |
| 13:36 | Create | Knight |
| 13:36 | Create | Knight |
| 13:36 | Create | Knight |
| 13:36 | Create | Knight |
| 13:37 | Create | Knight |
| 13:37 | Create | Knight |
| 13:37 | Create | Knight |
| 13:37 | Create | Knight |
| 13:37 | Create | Knight |
| 13:37 | Create | Knight |
| 13:37 | Create | Knight |
| 13:37 | Create | Knight |
| 14:22 | Create | Knight |
| 14:23 | Create | Knight |
| 14:23 | Create | Knight |
| 14:23 | Create | Knight |
| 14:23 | Create | Knight |
Build order — Champion9482
12 actions detected in the replay
| 20:54 | Research | Iron Casting |
| 20:55 | Research | Chain Mail Armor |
| 20:55 | Research | Chain Barding Armor |
| 20:56 | Research | Leather Archer Armor |
| 20:56 | Research | Bodkin Arrow |
| 20:59 | Research | Guard Tower (upgrade) |
| 21:00 | Research | Ballistics |
| 21:01 | Research | Tech 909 |
| 21:01 | Research | Treadmill Crane |
| 21:02 | Research | Tech 908 |
| 21:03 | Research | Careening |
| 21:08 | Research | Greek Fire |
Build order — Polluelin
70 actions detected in the replay
| 15:09 | Research | Chain Mail Armor |
| 15:09 | Research | Iron Casting |
| 15:09 | Research | Bodkin Arrow |
| 15:09 | Research | Leather Archer Armor |
| 15:40 | Research | Ballistics |
| 15:40 | Research | Treadmill Crane |
| 15:40 | Research | Guard Tower (upgrade) |
| 15:40 | Research | Ballistics |
| 15:40 | Research | Treadmill Crane |
| 15:40 | Research | Guard Tower (upgrade) |
| 15:40 | Research | Ballistics |
| 15:40 | Research | Treadmill Crane |
| 15:40 | Research | Treadmill Crane |
| 15:40 | Research | Treadmill Crane |
| 15:40 | Research | Andean Sling |
| 15:40 | Research | Andean Sling |
| 15:40 | Research | Andean Sling |
| 20:14 | Build | Barracks |
| 20:19 | Build | Barracks |
| 20:21 | Build | Barracks |
| 20:23 | Build | Barracks |
| 21:32 | Research | Arson |
| 21:34 | Research | Tech 1402 |
| 21:40 | Research | Blast Furnace |
| 21:41 | Research | Plate Mail Armor |
| 21:41 | Research | Bracer |
| 21:41 | Research | Ring Archer Armor |
| 21:48 | Research | Chemistry |
| 21:50 | Research | Siege Engineers |
| 21:57 | Research | Conscription |
| 21:58 | Research | Sappers |
| 21:59 | Research | Spies/Treason |
| 22:00 | Research | Fabric Shields |
| 22:02 | Research | Elite Kamayuk (upgrade) |
| 22:08 | Create | Unit 2550 ×5 |
| 22:08 | Create | Unit 2550 ×5 |
| 22:08 | Create | Unit 2550 ×5 |
| 22:09 | Create | Unit 2550 ×5 |
| 22:09 | Create | Unit 2550 ×5 |
| 22:09 | Create | Unit 2550 ×5 |
| 22:54 | Build | Barracks |
| 22:56 | Build | Barracks |
| 22:59 | Build | Barracks |
| 23:01 | Build | Barracks |
| 23:09 | Build | Barracks |
| 23:10 | Build | Barracks |
| 23:12 | Build | Barracks |
| 23:14 | Build | Barracks |
| 23:17 | Build | Barracks |
| 23:19 | Build | Barracks |
| 23:21 | Build | Barracks |
| 23:24 | Build | Barracks |
| 23:55 | Research | Tech 1351 |
| 25:09 | Research | Tech 1352 |
| 25:10 | Create | Unit 2550 ×5 |
| 25:11 | Create | Unit 2550 ×5 |
| 25:11 | Create | Unit 2550 ×5 |
| 25:11 | Create | Unit 2550 ×5 |
| 25:12 | Create | Unit 2550 ×5 |
| 25:12 | Create | Unit 2550 ×5 |
| 25:12 | Create | Unit 2550 ×5 |
| 25:13 | Create | Unit 2550 ×5 |
| 25:13 | Create | Unit 2550 ×5 |
| 25:13 | Create | Unit 2550 ×5 |
| 25:14 | Create | Unit 2550 ×5 |
| 25:14 | Create | Unit 2550 ×5 |
| 25:15 | Create | Unit 2550 ×5 |
| 25:15 | Create | Unit 2550 ×5 |
| 25:15 | Create | Unit 2550 ×5 |
| 25:15 | Create | Unit 2550 ×5 |
Build order — Lole7DS2
17 actions detected in the replay
| 15:20 | Build | Stable |
| 15:21 | Build | Stable |
| 15:22 | Build | Stable |
| 15:23 | Build | Stable |
| 15:25 | Build | Stable |
| 15:26 | Build | Stable |
| 15:28 | Build | Stable |
| 15:30 | Build | Stable |
| 15:31 | Build | Stable |
| 15:33 | Build | Stable |
| 15:34 | Build | Stable |
| 15:36 | Build | Stable |
| 17:22 | Research | Bloodlines |
| 17:23 | Research | Bloodlines |
| 23:19 | Build | Stable |
| 23:21 | Build | Stable |
| 23:23 | Build | Stable |
Match timeline
| 5:57 | OvalDevotee116 · first_building Stable |
| 9:07 | godi5937 · first_building Archery Range |
| 9:18 | Emilia LiL Uzi · wall_segment Stone Wall x22 |
| 9:30 | godi5937 · wall_segment Stone Wall x14 |
| 9:45 | Emilia LiL Uzi · first_building Archery Range |
| 9:49 | MIKE AoE · first_building Stable |
| 9:56 | MIKE AoE · first_building Archery Range |
| 10:04 | Emilia LiL Uzi · first_building Barracks |
| 12:39 | godi5937 · wall_segment Stone Wall x8 |
| 15:20 | Lole7DS2 · first_building Stable |
| 19:31 | OvalDevotee116 · first_building Barracks |
| 20:14 | Polluelin · first_building Barracks |
| 22:46 | OvalDevotee116 · first_building Krepost |
| 26:44 | Emilia LiL Uzi · resign |
| 27:03 | SirJb · wall_segment Stone Wall x6 |
[ AI ANALYSIS · 1 CREDIT ]
What really happened in this match?
Wolo.gg analyzes every decision: build order, eco, micro, common mistakes by bracket. Personalized analysis on WhatsApp or Discord in 30 seconds.
Civ guide
Tatars
Map guide
CBA_=REQUIEM=_V292 (Scenario)
Perfil
Jugador #308913